 Dungeon Crawl Stone Soup version 0.26-a0-576-gcfaa98f (webtiles) character file.

Game seed: 3641969482815537446

1379 Hazorath the Cutter (level 8, 0/52 HPs)
             Began as a Kobold Brigand on Aug 22, 2020.
             Was an Initiate of Trog.
             Slain by a centaur skeleton (5 damage)
             ... on level 8 of the Dungeon.
             The game lasted 00:18:22 (3045 turns).

Hazorath the Cutter (Kobold Brigand)                Turns: 3045, Time: 00:18:23

Health: 0/52       AC:  4    Str:  9    XL:     8   Next: 99%
Magic:  17/17      EV: 16    Int: 12    God:    Trog [......]
Gold:   151        SH:  0    Dex: 18    Spells: 7/7 levels left

rFire    . . .     SeeInvis .   o - +1 dagger (speed)
rCold    . . .     Faith    .   (shield restricted)
rNeg     . . .     Spirit   .   b - +0 robe
rPois    .         Reflect  .   (no helmet)
rElec    .         Harm     .   c - +0 cloak
rCorr    +                      m - +0 pair of gloves
MR       .....                  (no boots)
Stlth    ++++......             (no amulet)
HPRegen  0.17/turn              k - ring of resist corrosion
MPRegen  0.15/turn              n - ring of magical power

@: no status effects
A: small, nightstalker 3
a: Renounce Religion


You were on level 8 of the Dungeon.
You worshipped Trog.
Trog was noncommittal.
You visited 1 branch of the dungeon, and saw 8 of its levels.

You collected 151 gold pieces.

Inventory:

Hand Weapons
 o - a +1 dagger of speed (weapon)
 s - a +1 antimagic dagger
Missiles
 e - 4 curare-tipped darts (quivered)
Armour
 b - a +0 robe (worn)
 c - a +0 cloak (worn)
 m - a +0 pair of gloves (worn)
 t - a +0 buckler
Jewellery
 k - a ring of resist corrosion (left hand)
 n - a ring of magical power (right hand)
Wands
 g - a wand of acid (10)
 l - a wand of polymorph (10)
Scrolls
 a - a scroll of amnesia {unknown}
 i - a scroll of remove curse
 j - 2 scrolls of magic mapping
 p - a scroll of enchant armour {unknown}
 q - a scroll of immolation
 u - a scroll of random uselessness {unknown}
 x - a scroll of fog
 y - a scroll of teleportation
Potions
 h - 2 potions of mutation
 r - a potion of heal wounds {unknown}
 v - 2 potions of flight {unknown}
 w - a potion of haste {unknown}


   Skills:
 * Level 6.5 Fighting
 * Level 7.8 Short Blades
 - Level 5.0 Throwing
 - Level 3.6 Dodging
 - Level 5.3 Stealth
 * Level 3.0 Shields
 + Level 1.0 Evocations


You had 7 spell levels left.
You didn't know any spells.
Your spell library was empty.

Dungeon Overview and Level Annotations

Branches:
Dungeon (8/15)
 Temple: D:4-7         Lair: D:8-11

Altars:
Fedhas
Hepliaklqana
Qazlal
Trog
Vehumet
Zin


Innate Abilities, Weirdness & Mutations

You are small and have problems with some larger weapons.
You are completely attuned to the shadows.


Message History

Press: ? - help, v - describe, . - travel
Here: a centaur skeleton (moderately damaged)
The floor.
You hit the centaur skeleton.
The centaur skeleton is moderately damaged.
You completely miss the centaur skeleton.
The centaur skeleton is moderately damaged.
The centaur skeleton completely misses you.
You hit the centaur skeleton but do no damage.
The centaur skeleton is moderately damaged.
You hit the centaur skeleton.
The centaur skeleton is heavily damaged.
The centaur skeleton hits you.
* * * LOW HITPOINT WARNING * * *
You hit the centaur skeleton.
The centaur skeleton is heavily damaged.
You hit the centaur skeleton but do no damage.
The centaur skeleton is heavily damaged.
The centaur skeleton hits you.
You die...

...#....# ..#.....#
##....... #.[......
.## #......... .
..# #......... ..
#.# ##........
...#.## #........
.....@.# #........
......#Z####...>...
......o.......#####
.......(.......#
........PP(PP...#
......♣♣###♣P...#
......P# .## ....
...#...# Z. ....
?###.(.# .# P.


You could see a centaur skeleton.

Vanquished Creatures
  A hippogriff (D:8)
  A water moccasin (D:8)
  A sky beast (D:6)
  2 eyes of draining (D:3)
  A phantom (D:3)
  2 ogres
  A centaur (D:6)
  2 bullfrogs (D:8)
  2 howler monkeys
  A hound (D:3)
  An orc wizard (D:3)
  A centaur skeleton (D:5)
  An orc priest (D:4)
  An iguana (D:8)
  Ijyb (D:3)
  4 adders
  An adder zombie (D:8)
  A worm (D:3)
  2 dart slugs
  2 leopard geckos
  5 orcs
  6 bats
  3 giant cockroaches
  13 goblins
  7 hobgoblins
  9 kobolds
  2 quokkas
  A ball python (D:1)
  5 frilled lizards
  7 rats
  A bush (D:8)
88 creatures vanquished.

Notes
Turn   | Place    | Note
-------+----------+-------------------------------------------
     0 | D:1      | Hazorath the Kobold Brigand began the quest for the Orb.
     0 | D:1      | Reached XP level 1. HP: 12/12 MP: 1/1
    98 | D:1      | Reached skill level 3 in Short Blades
    98 | D:1      | Reached XP level 2. HP: 10/18 MP: 2/2
   370 | D:1      | Reached XP level 3. HP: 20/22 MP: 3/3
   694 | D:3      | Found a stormy altar of Qazlal.
   717 | D:3      | Noticed Ijyb
   721 | D:3      | Killed Ijyb
   721 | D:3      | Reached XP level 4. HP: 28/28 MP: 4/4
   768 | D:4      | Noticed a phantom
   850 | D:3      | Reached XP level 5. HP: 18/32 MP: 5/5
   880 | D:3      | Reached skill level 4 in Short Blades
   900 | D:3      | Found a hazy altar of Hepliaklqana.
  1001 | D:3      | Found a radiant altar of Vehumet.
  1050 | D:3      | Noticed an eye of draining
  1050 | D:3      | Noticed an eye of draining
  1051 | D:3      | Found a bloodstained altar of Trog.
  1082 | D:3      | Killed an eye of draining
  1082 | D:3      | Reached XP level 6. HP: 36/38 MP: 0/6
  1090 | D:3      | Killed an eye of draining
  1090 | D:3      | Reached skill level 5 in Short Blades
  1103 | D:3      | Became a worshipper of Trog the Wrathful
  1428 | D:3      | Killed a phantom
  1428 | D:3      | Reached XP level 7. HP: 12/44 MP: 7/7
  1821 | D:5      | Entered Level 5 of the Dungeon
  1897 | D:5      | Reached skill level 5 in Throwing
  1905 | D:5      | Reached skill level 5 in Fighting
  2001 | D:6      | Reached skill level 6 in Short Blades
  2001 | D:6      | Reached skill level 1 in Shields
  2067 | D:6      | Reached XP level 8. HP: 29/50 MP: 8/8
  2257 | D:7      | Found a blossoming altar of Fedhas.
  2273 | D:8      | Noticed a hippogriff
  2284 | D:8      | Killed a hippogriff
  2284 | D:8      | Reached skill level 7 in Short Blades
  2528 | D:8      | Found a glowing silver altar of Zin.
  3024 | D:8      | Reached skill level 1 in Evocations
  3030 | D:8      | HP: 1/52 [leopard gecko (4)]
  3045 | D:8      | Slain by a centaur skeleton

Illustrated notes

Levels and vault maps discovered:
D:1:      scummos_arrival_forest, layout_basic
D:2:      layout_basic, kennysheep_vampire_church, serial_glass,
          glass_columns_a, glass_columns_b
D:3:      layout_rooms, trog_eyes_of_draining, lemuel_coloured_pillars_altar,
          nicolae_overflow_crystal_walls, vehumet_crystals, uniq_ijyb
D:4:      layout_cave_pods, makhleb_blood_cavern_becter,
          minmay_temple_entry_enclosed_plants
D:5:      layout_basic, marbit_many_paths, supply_closet_lemuel
D:6:      layout_basic, okawaru_gym_becter
D:7:      layout_basic, kennysheep_little_box
D:8:      layout_cave_pods, zin_statuary, serial_park, serial_park_paths
          [serial_park_minivault_5x5_1], serial_park_gazebo
          [serial_park_minivault_5x5_3], nicolae_qazlal_style_of_elements,
          uniq_erica

Skill      XL: |  1  2  3  4  5  6  7  8 |
---------------+-------------------------+-----
Short Blades   | 3 4 5 6 7 |  7.8
Throwing       | 3 4 5 |  5.0
Fighting       | 3 4 5 6 |  6.5
Dodging        | 2 3 |  3.6
Shields        | 1 3 |  3.0
Evocations     | 1 |  1.0
Stealth        | |  5.3

Action                   |  1- 3 |  4- 6 |  7- 9 || total
-------------------------+-------+-------+-------++-------
Melee: Dagger            |    60 |   155 |   533 ||   748
Throw: Dart              |    11 |    21 |    33 ||    65
  Use: Scroll            |       |     5 |     5 ||    10
       Potion            |       |       |     2 ||     2
 Stab: Sleeping          |    14 |     9 |     7 ||    30
       Distracted        |     1 |       |     1 ||     2
Armor: Robe              |    11 |    13 |    10 ||    34
       Skin              |       |       |    19 ||    19
Dodge: Dodged            |    21 |    57 |    50 ||   128

Table legend: (Time is in decaauts)
 A = Elapsed time spent in this place.
 B = Non-inter-level travel time spent in this place.
 C = Inter-level travel time spent in this place.
 D = Time resting spent in this place.
 E = Time spent auto-exploring this place.
 F = Levels seen in this place.
 G = Mean time per level.
                   A        B        C        D        E       F      G
               +--------+--------+--------+--------+--------+-----+--------+
         Total |   2642 |   2538 |    104 |    462 |    444 |   8 |  330.2 |
       Dungeon |   2642 |   2538 |    104 |    462 |    444 |   8 |  330.2 |
               +--------+--------+--------+--------+--------+-----+--------+

Top non-repeatable levels by time:
     D:3: 914 daAuts
     D:8: 477 daAuts
     D:1: 385 daAuts
     D:2: 248 daAuts
     D:4: 180 daAuts
     D:7: 163 daAuts
     D:5: 143 daAuts
     D:6: 129 daAuts
